Workbook

Sheet Corrected 2024 scenarios
C1: 2024 without insurance claims nor recycling centre costs (assumes usual electricity sales) | F1: 2024 + without special handling | I1: 2024 + with budgetted debt servicing | L1: 2024 + if had new Veolia contract
A2: Category | B2: MV numbers | C2: total tonnes | D2: garbage only tonnes | E2: Costs | F2: total tonnes | G2: garbage only tonnes | H2: Costs | I2: total tonnes | J2: garbage only tonnes | K2: Costs | L2: total tonnes | M2: garbage only tonnes | N2: Costs
A3: INBOUND GARBAGE | O3: Note grey is unedited
A4: Recycling and Waste Centres -direct haul | C4: 710999 | D4: 648005.01 | E4: =C4-D4 -> 62993.987 | F4: 710999 | G4: 648005.01 | H4: =F4-G4 -> 62993.987 | I4: 710999 | J4: 648005.01 | K4: =I4-J4 -> 62993.987 | L4: 710999 | M4: 648005.01 | N4: =L4-M4 -> 62993.987
A5: Metro to WTEF garbage only -direct haul | C5: 140705 | D5: 140704.85 | F5: 140705 | G5: 140704.85 | I5: 140705 | J5: 140704.85 | L5: 140705 | M5: 140704.85
A6: total Metro garbage | D6: =SUM(D4:D5) -> 788709.86 | G6: =SUM(G4:G5) -> 788709.86 | J6: =SUM(J4:J5) -> 788709.86 | M6: =SUM(M4:M5) -> 788709.86
A7: Other material to WTEF inc special waste -direct haul | D7: 18268.293 | G7: 18268.293 | J7: 18268.293 | M7: 18268.293
A8: total to WTEF | D8: =D7+D5 -> 158973.14 | G8: =G7+G5 -> 158973.14 | J8: =J7+J5 -> 158973.14 | M8: =M7+M5 -> 158973.14
A9: total Metro garbage | D9: =D6+D7 -> 806978.15 | G9: =G6+G7 -> 806978.15 | J9: =J6+J7 -> 806978.15 | M9: =M6+M7 -> 806978.15
A10: Metro to VSTS to VLF garbage only -direct haul | D10: 42701.83 | G10: 42701.83 | J10: 42701.83 | M10: 42701.83
A11: Metro to VLF garbage only -direct haul | D11: 61133.59 | G11: 61133.59 | J11: 61133.59 | M11: 61133.59
A12: total Metro to VSTS and VLF | D12: =D11+D10 -> 103835.42 | G12: =G11+G10 -> 103835.42 | J12: =J11+J10 -> 103835.42 | M12: =M11+M10 -> 103835.42
A13: total Metro garbage | D13: =D9+D12 -> 910813.57 | G13: =G9+G12 -> 910813.57 | J13: =J9+J12 -> 910813.57 | M13: =M9+M12 -> 910813.57
A14: Vancouver/Delta (VSTS) Garbage only -direct haul | D14: 97311.719 | G14: 97311.719 | J14: 97311.719 | M14: 97311.719
A15: Vancouver/Delta (VLF) Garbage only | D15: 59384.96 | G15: 59384.96 | J15: 59384.96 | M15: 59384.96
A16: total VLF/VSTS garbage | D16: =SUM(D14:D15) -> 156696.68 | G16: =SUM(G14:G15) -> 156696.68 | J16: =SUM(J14:J15) -> 156696.68 | M16: =SUM(M14:M15) -> 156696.68
A17: VLF Other (btm ash, demo, residuals) -direct haul | D17: 67005.671 | G17: 67005.671 | J17: 67005.671 | M17: 67005.671
A18: total VLF/VSTS garbage inc lines 9, 10) | D18: =D15+D14+D10+D11 -> 260532.1 | G18: =G15+G14+G10+G11 -> 260532.1 | J18: =J15+J14+J10+J11 -> 260532.1 | M18: =M15+M14+M10+M11 -> 260532.1
A19: total regional waste garbage -direct haul | C19: =D19+E4 -> 1197509.9 | D19: =+D13+D16+D17 -> 1134515.9 | E19: =E4 -> 62993.987 | F19: =G19+H4 -> 1197509.9 | G19: =+G13+G16+G17 -> 1134515.9 | H19: =H4 -> 62993.987 | I19: =J19+K4 -> 1197509.9 | J19: =+J13+J16+J17 -> 1134515.9 | K19: =K4 -> 62993.987 | L19: =M19+N4 -> 1197509.9 | M19: =+M13+M16+M17 -> 1134515.9 | N19: =N4 -> 62993.987
A22: OUTBOUND -Garbage only
A23: Vancouver Landfill
A24: Metro direct haul + VSTS | D24: =D10 -> 42701.83 | G24: =G10 -> 42701.83 | J24: =J10 -> 42701.83 | M24: =M10 -> 42701.83
A25: Metro VLF direct haul | D25: =D11 -> 61133.59 | G25: =G11 -> 61133.59 | J25: =J11 -> 61133.59 | M25: =M11 -> 61133.59
A26: Metro VLF transfer, garbage only | D26: 405659.63 | G26: 405659.63 | J26: 405659.63 | M26: 405659.63
A27: total Metro Garbage only waste, direct haul VSTS/VLF + VLF transfer | D27: =SUM(D24:D26) -> 509495.05 | G27: =SUM(G24:G26) -> 509495.05 | J27: =SUM(J24:J26) -> 509495.05 | M27: =SUM(M24:M26) -> 509495.05
A28: Delta/Van -direct haul VLF + VSTS | D28: =D16 -> 156696.68 | G28: =G16 -> 156696.68 | J28: =J16 -> 156696.68 | M28: =M16 -> 156696.68
A29: total VLF garbage only | D29: =D27+D28 -> 666191.72 | G29: =G27+G28 -> 666191.72 | J29: =J27+J28 -> 666191.72 | M29: =M27+M28 -> 666191.72
A30: VLF Other (btm ash, demo, residuals) | D30: =D17 -> 67005.671 | G30: =G17 -> 67005.671 | J30: =J17 -> 67005.671 | M30: =M17 -> 67005.671
A31: total VLF | D31: =D29+D30 -> 733197.4 | G31: =G29+G30 -> 733197.4 | J31: =J29+J30 -> 733197.4 | M31: =M29+M30 -> 733197.4
A32: Waste to Energy Facility
A33: Direct haul garbage only | D33: 140704.85 | G33: 140704.85 | J33: 140704.85 | M33: 140704.85
A34: Metro Recycling and Waste Centres Transfer | D34: 84195.767 | G34: 84195.767 | J34: 84195.767 | M34: 84195.767
A35: total | D35: =D34+D33 -> 224900.61 | G35: =G34+G33 -> 224900.61 | J35: =J34+J33 -> 224900.61 | M35: =M34+M33 -> 224900.61
A36: Direct haul other inc special waste | D36: =D7 -> 18268.293 | G36: =G7 -> 18268.293 | J36: =J7 -> 18268.293 | M36: =M7 -> 18268.293
A37: total WTEF | D37: =D36+D34+D33 -> 243168.91 | G37: =G36+G34+G33 -> 243168.91 | J37: =J36+J34+J33 -> 243168.91 | M37: =M36+M34+M33 -> 243168.91
A39: Hauling to contingency cost (from R&WCs)
A40: CAMP | D40: 80718.506 | G40: 80718.506 | J40: 80718.506 | M40: 80718.506
A41: SEAIY | D41: 12246.371 | G41: 12246.371 | J41: 12246.371 | M41: 12246.371
A42: SUNRLF | D42: 58574.391 | G42: 58574.391 | J42: 58574.391 | M42: 58574.391
A43: Total Contingency | D43: =SUM(D40:D42) -> 151539.27 | G43: =SUM(G40:G42) -> 151539.27 | J43: =SUM(J40:J42) -> 151539.27 | M43: =SUM(M40:M42) -> 151539.27
A44: Total Disposal | D44: =D31+D37+D43 -> 1127905.6 | G44: =G31+G37+G43 -> 1127905.6 | J44: =J31+J37+J43 -> 1127905.6 | M44: =M31+M37+M43 -> 1127905.6
A45: Balance In -Out | D45: =D19-D44 -> 6610.352 | G45: =G19-G44 -> 6610.352 | J45: =J19-J44 -> 6610.352 | M45: =M19-M44 -> 6610.352
D47: Notes inc special waste, residuals, bottom ash) | G47: Notes inc special waste, residuals, bottom ash) | J47: Notes inc special waste, residuals, bottom ash) | M47: Notes inc special waste, residuals, bottom ash)
A49: COSTS | C49: Cost per tonne | D49: Tonnes | E49: Cost | F49: Cost per tonne | G49: Tonnes | H49: Cost | I49: Cost per tonne | J49: Tonnes | K49: Cost | L49: Cost per tonne | M49: Tonnes | N49: Cost
A50: Hauling to WTEF (from R&WCs) | C50: 14.19 | D50: 84139 | E50: =C50*D50 -> 1193932.4 | F50: 14.19 | G50: 84139 | H50: =F50*G50 -> 1193932.4 | I50: 14.19 | J50: 84139 | K50: =I50*J50 -> 1193932.4 | L50: 14.19 | M50: 84139 | N50: =L50*M50 -> 1193932.4
A51: Hauling to VLF (from R&WCs) | C51: 19.18 | D51: 405660 | E51: =C51*D51 -> 7780558.8 | F51: 19.18 | G51: 405660 | H51: =F51*G51 -> 7780558.8 | I51: 19.18 | J51: 405660 | K51: =I51*J51 -> 7780558.8 | L51: 19.18 | M51: 405660 | N51: =L51*M51 -> 7780558.8
A52: Hauling to Contingency Sites (total handling from R&WCs) | C52: 4.55 | D52: =D43 -> 151539.27 | E52: =C52*D52 -> 689503.67 | F52: 4.55 | G52: =G43 -> 151539.27 | H52: =F52*G52 -> 689503.67 | I52: 4.55 | J52: =J43 -> 151539.27 | K52: =I52*J52 -> 689503.67 | L52: 4.55 | M52: =M43 -> 151539.27 | N52: =L52*M52 -> 689503.67
A53: Metro LF Program Administration Labour Expense Allocation | E53: 173617 | H53: 173617 | K53: 173617 | N53: 173617
A54: Metro -Delta Royalty cost for Garbage only Waste to VLF | C54: 4.8 | D54: 555400 | E54: =C54*D54 -> 2665920 | F54: 4.8 | G54: 555400 | H54: =F54*G54 -> 2665920 | I54: 4.8 | J54: 555400 | K54: =I54*J54 -> 2665920 | L54: 4.8 | M54: 555400 | N54: =L54*M54 -> 2665920
A55: Metro Annual VLF Closure/Post Closure Reserve Allocation | C55: 10 | D55: =D54 -> 555400 | E55: =C55*D55 -> 5554000 | F55: 10 | G55: =G54 -> 555400 | H55: =F55*G55 -> 5554000 | I55: 10 | J55: =J54 -> 555400 | K55: =I55*J55 -> 5554000 | L55: 10 | M55: =M54 -> 555400 | N55: =L55*M55 -> 5554000
A57: REGIONAL Facility Costs
A58: Van Landfill net operating expenditures
A59: Operations net recovery | E59: 28964182 | H59: 28964182 | K59: 28964182 | N59: 28964182
A60: VLF gas control | E60: 4956019 | H60: 4956019 | K60: 4956019 | N60: 4956019
A61: Weigh scales 50% | E61: 214379 | H61: 214379 | K61: 214379 | N61: 214379
A62: Solid Waste management (48.08%) | E62: -46274 | H62: -46274 | K62: -46274 | N62: -46274
A63: total | C63: =E63/D63 -> 49.235158 | D63: 692357 | E63: =SUM(E59:E62) -> 34088306 | F63: =H63/G63 -> 49.235158 | G63: 692357 | H63: =SUM(H59:H62) -> 34088306 | I63: =K63/J63 -> 49.235158 | J63: 692357 | K63: =SUM(K59:K62) -> 34088306 | L63: =N63/M63 -> 49.235158 | M63: 692357 | N63: =SUM(N59:N62) -> 34088306
A65: Metro Recycling and Waste Centres
A66: total operating costs | E66: 47600458 | H66: 47600458 | K66: 47600458 | N66: 47600458
A67: less VSTS contract expense | E67: -3745022 | H67: -3745022 | K67: -3745022 | N67: -3745022
A68: less sundry revenue | E68: -1995113 | H68: -1995113 | K68: -1995113 | N68: -1995113
A69: less contingency handling costs, WTEF/VLF transfer costs | E69: -9662252 | H69: -9662252 | K69: -9662252 | N69: -9662252
A70: less organics management cost | E70: -5409106 | H70: -5409106 | K70: -5409106 | N70: -5409106
A71: net operating costs | C71: =E71/D76 -> 37.677922 | E71: =SUM(E66:E70) -> 26788965 | F71: =H71/G76 -> 37.677922 | H71: =SUM(H66:H70) -> 26788965 | I71: =K71/J76 -> 37.677922 | K71: =SUM(K66:K70) -> 26788965 | L71: =N71/M76 -> 37.677922 | N71: =SUM(N66:N70) -> 26788965
A72: solid waste transfer station administration | E72: 6060554 | H72: 6060554 | K72: 6060554 | N72: 6060554
A73: sundry revenue | E73: -961860 | H73: -961860 | K73: -961860 | N73: -961860
A74: admin | C74: =E74/D76 -> 7.171169 | E74: =E72+E73 -> 5098694 | F74: =H74/G76 -> 7.171169 | H74: =H72+H73 -> 5098694 | I74: =K74/J76 -> 7.171169 | K74: =K72+K73 -> 5098694 | L74: =N74/M76 -> 7.171169 | N74: =N72+N73 -> 5098694
A75: debt servicing | C75: =E75/D76 -> 9.8134301 | E75: 6977339 | F75: =H75/G76 -> 9.8134301 | H75: 6977339 | I75: =K75/J76 -> 9.8134301 | K75: 6977339 | L75: =N75/M76 -> 9.8134301 | N75: 6977339
A76: total (inc debt servicing) | C76: =C71+C74+C75 -> 54.662521 | D76: =C4 -> 710999 | E76: =E71+E74+E75 -> 38864998 | F76: =F71+F74+F75 -> 54.662521 | G76: =F4 -> 710999 | H76: =H71+H74+H75 -> 38864998 | I76: =I71+I74+I75 -> 54.662521 | J76: =I4 -> 710999 | K76: =K71+K74+K75 -> 38864998 | L76: =L71+L74+L75 -> 54.662521 | M76: =L4 -> 710999 | N76: =N71+N74+N75 -> 38864998
A78: Vancouver South Transfer Station
A79: operating expenditure inc transfer costs to VLF | E79: 14819466 | H79: 14819466 | K79: 14819466 | N79: 14819466
A80: weighscales 50% | E80: 214379 | H80: 214379 | K80: 214379 | N80: 214379
A81: solid waste management (10.58%) | E81: -10183 | H81: -10183 | K81: -10183 | N81: -10183
C82: =E82/D82 -> 107.30149 | D82: =D10+D14 -> 140013.55 | E82: =SUM(E79:E81) -> 15023662 | F82: =H82/G82 -> 107.30149 | G82: =G10+G14 -> 140013.55 | H82: =SUM(H79:H81) -> 15023662 | I82: =K82/J82 -> 107.30149 | J82: =J10+J14 -> 140013.55 | K82: =SUM(K79:K81) -> 15023662 | L82: =N82/M82 -> 107.30149 | M82: =M10+M14 -> 140013.55 | N82: =SUM(N79:N81) -> 15023662
A84: WTEF
A85: Operating net
A86: Waste incineration | E86: 30432853 | H86: 30432853 | K86: 30432853 | N86: 30432853
A87: Administration | E87: 494971 | H87: 494971 | K87: 494971 | N87: 494971
A88: Electricity sales | E88: -3649146 | H88: -3649146 | K88: -3649146 | N88: -3649146
A89: Ferrous and Non ferrous sales -metal | E89: -291477 | H89: -291477 | K89: -291477 | N89: -291477
A90: Special handling wastes increment | C90: 142 | D90: 11410.863 | E90: =-D90*C90 -> -1620342.5 | F90: 142 | G90: 11410.863 | H90: =-G90*F90 -> -1620342.5 | I90: 142 | J90: 11410.863 | K90: =-J90*I90 -> -1620342.5 | L90: 142 | M90: 11410.863 | N90: =-M90*L90 -> -1620342.5
A91: total | C91: =E91/D91 -> 104.31785 | D91: =D37 -> 243168.91 | E91: =SUM(E86:E90) -> 25366858 | F91: =H91/G91 -> 104.31785 | G91: =G37 -> 243168.91 | H91: =SUM(H86:H90) -> 25366858 | I91: =K91/J91 -> 104.31785 | J91: =J37 -> 243168.91 | K91: =SUM(K86:K90) -> 25366858 | L91: =N91/M91 -> 104.31785 | M91: =M37 -> 243168.91 | N91: =SUM(N86:N90) -> 25366858
A92: debt servicing | C92: =E92/D91 -> 11.058663 | E92: 2689123 | F92: =H92/G91 -> 11.058663 | H92: 2689123 | I92: =K92/J91 -> 11.058663 | K92: 2689123 | L92: =N92/M91 -> 11.058663 | N92: 2689123
A95: Generator repair
A96: repair cost | E96: 3940867 | H96: 3940867 | K96: 3940867 | N96: 3940867
A97: insurance payout business interruption for SWS turbine | E97: -5015317 | H97: -5015317 | K97: -5015317 | N97: -5015317
A98: Insurance payout for property insurance SWS turbine | E98: -2902474 | H98: -2902474 | K98: -2902474 | N98: -2902474
A99: total | C99: =E99/D91 -> -16.354575 | E99: =SUM(E96:E98) -> -3976924 | F99: =H99/G91 -> -16.354575 | H99: =SUM(H96:H98) -> -3976924 | I99: =K99/J91 -> -16.354575 | K99: =SUM(K96:K98) -> -3976924 | L99: =N99/M91 -> -16.354575 | N99: =SUM(N96:N98) -> -3976924
A100: Total WTEF | C100: =C99+C92+C91 -> 99.021943 | F100: =F99+F92+F91 -> 99.021943 | I100: =I99+I92+I91 -> 99.021943 | L100: =L99+L92+L91 -> 99.021943
A102: Contingency Hauling and Disposal
A103: blended cost of 3 locations which includes radiation, state tax | C103: 171.34 | F103: 171.34 | I103: 171.34 | L103: 171.34
A105: Total Costs per tonne | C105: $/tonne | D105: tonnes | E105: total cost | F105: $/tonne | G105: tonnes | H105: total cost | I105: $/tonne | J105: tonnes | K105: total cost | L105: $/tonne | M105: tonnes | N105: total cost
A106: Vancouver Landfill
A107: Metro R &WC Operating inc admin, debt allocation | B107: ='MV provided # in FOI'!B107 -> 54.662521 | D107: =D26 -> 405659.63 | E107: =C107*D107 -> 0 | G107: =G26 -> 405659.63 | H107: =F107*G107 -> 0 | J107: =J26 -> 405659.63 | K107: =I107*J107 -> 0 | M107: =M26 -> 405659.63 | N107: =L107*M107 -> 0
A108: Metro R &WC Van LF transfer cost | B108: ='MV provided # in FOI'!B108 -> 19.18 | C108: =C51 -> 19.18 | D108: =D107 -> 405659.63 | E108: =C108*D108 -> 7780551.6 | F108: =F51 -> 19.18 | G108: =G107 -> 405659.63 | H108: =F108*G108 -> 7780551.6 | I108: =I51 -> 19.18 | J108: =J107 -> 405659.63 | K108: =I108*J108 -> 7780551.6 | L108: =L51 -> 19.18 | M108: =M107 -> 405659.63 | N108: =L108*M108 -> 7780551.6
A109: Van LF disposal cost | B109: ='MV provided # in FOI'!B109 -> 0
A110: LF total operating cost net | B110: ='MV provided # in FOI'!B110 -> 49.235158 | C110: =C63 -> 49.235158 | D110: =D27 -> 509495.05 | F110: =F63 -> 49.235158 | G110: =G27 -> 509495.05 | I110: =I63 -> 49.235158 | J110: =J27 -> 509495.05 | L110: =L63 -> 49.235158 | M110: =M27 -> 509495.05
A111: Metro Total Delta royalty blended rate | B111: ='MV provided # in FOI'!B111 -> 4.8 | C111: =C54 -> 4.8 | F111: =F54 -> 4.8 | I111: =I54 -> 4.8 | L111: =L54 -> 4.8
A112: LF Program Admin Labour Expense allocation | B112: ='MV provided # in FOI'!B112 -> 0.34074743 | C112: =277997*0.6245/D110 -> 0.34074743 | F112: =277997*0.6245/G110 -> 0.34074743 | I112: =277997*0.6245/J110 -> 0.34074743 | L112: =277997*0.6245/M110 -> 0.34074743
A113: Metro VLF Closure Priv NPV Estimate | B113: ='MV provided # in FOI'!B113 -> 10 | C113: =C55 -> 10 | F113: =F55 -> 10 | I113: =I55 -> 10 | L113: =L55 -> 10
...

Sheet MV provided # in FOI
A1: Note several cells have formulas added and the calculated numbers are slightly different than in MV pdf document as actual spreadsheet not provided but close enough to reflect formulas | B1: 2024 | F1: 2023 | I1: 2021
A2: Category | B2: total tonnes | C2: garbage only tonnes | D2: Costs | E2: Budget | F2: total tonnes | G2: garbage only tonnes | H2: Costs | I2: total tonnes | J2: garbage only tonnes | K2: Costs
A3: INBOUND GARBAGE | D3: resource recovery tonnes
A4: Recycling and Waste Centres -direct haul | B4: 710999 | C4: 648005.01 | D4: =B4-C4 -> 62993.987
A5: Metro to WTEF garbage only -direct haul | B5: 140705 | C5: 140704.85
A6: total Metro garbage | C6: =SUM(C4:C5) -> 788709.86
A7: Other material to WTEF inc special waste -direct haul | C7: 18268.293
A8: total to WTEF | C8: =C7+C5 -> 158973.14
A9: total Metro garbage | C9: =C6+C7 -> 806978.15
A10: Metro to VSTS to VLF garbage only -direct haul | C10: 42701.83
A11: Metro to VLF garbage only -direct haul | C11: 61133.59
A12: total Metro to VSTS and VLF | C12: =C11+C10 -> 103835.42
A13: total Metro garbage | C13: =C9+C12 -> 910813.57
A14: Vancouver/Delta (VSTS) Garbage only -direct haul | C14: 97311.719
A15: Vancouver/Delta (VLF) Garbage only | C15: 59384.96
A16: total VLF/VSTS garbage | C16: =SUM(C14:C15) -> 156696.68
A17: VLF Other (btm ash, demo, residuals) -direct haul | C17: 67005.671
A18: total VLF/VSTS garbage inc lines 9, 10) | C18: =C15+C14+C10+C11 -> 260532.1
A19: total regional waste garbage -direct haul | B19: =C19+D4 -> 1197509.9 | C19: =+C13+C16+C17 -> 1134515.9 | D19: =D4 -> 62993.987
A22: OUTBOUND -Garbage only
A23: Vancouver Landfill
A24: Metro direct haul + VSTS | C24: =C10 -> 42701.83
A25: Metro VLF direct haul | C25: =C11 -> 61133.59
A26: Metro VLF transfer, garbage only | C26: 405659.63
A27: total Metro Garbage only waste, direct haul VSTS/VLF + VLF transfer | C27: =SUM(C24:C26) -> 509495.05
A28: Delta/Van -direct haul VLF + VSTS | C28: =C16 -> 156696.68
A29: total VLF garbage only | C29: =C27+C28 -> 666191.72
A30: VLF Other (btm ash, demo, residuals) | C30: =C17 -> 67005.671
A31: total VLF | C31: =C29+C30 -> 733197.4
A32: Waste to Energy Facility
A33: Direct haul garbage only | C33: 140704.85
A34: Metro Recycling and Waste Centres Transfer | C34: 84195.767
A35: total | C35: =C34+C33 -> 224900.61
A36: Direct haul other inc special waste | C36: =C7 -> 18268.293
A37: total WTEF | C37: =C36+C34+C33 -> 243168.91
A39: Hauling to contingency cost (from R&WCs)
A40: CAMP | C40: 80718.506
A41: SEAIY | C41: 12246.371
A42: SUNRLF | C42: 58574.391
A43: Total Contingency | C43: =SUM(C40:C42) -> 151539.27
A44: Total Disposal | C44: =C31+C37+C43 -> 1127905.6
A45: Balance In -Out | C45: =C19-C44 -> 6610.352
C47: Notes inc special waste, residuals, bottom ash)
A49: COSTS | B49: Cost per tonne | C49: Tonnes | D49: Cost | E49: Budget
A50: Hauling to WTEF (from R&WCs) | B50: 14.19 | C50: 84139 | D50: =B50*C50 -> 1193932.4 | E50: possibly in R&WC budget
A51: Hauling to VLF (from R&WCs) | B51: 19.18 | C51: 405660 | D51: =B51*C51 -> 7780558.8 | E51: possibly in R&WC budget
A52: Hauling to Contingency Sites (total handling from R&WCs) | B52: 4.55 | C52: =C43 -> 151539.27 | D52: =B52*C52 -> 689503.67 | E52: possibly in R&WC budget
A53: Metro LF Program Administration Labour Expense Allocation | D53: 173617 | E53: unclear where exists in budget
A54: Metro -Delta Royalty cost for Garbage only Waste to VLF | B54: 4.8 | C54: 555400 | D54: =B54*C54 -> 2665920 | E54: unclear where exists in budget
A55: Metro Annual VLF Closure/Post Closure Reserve Allocation | B55: 10 | C55: =C54 -> 555400 | D55: =B55*C55 -> 5554000 | E55: unclear where exists in budget
A57: REGIONAL Facility Costs
A58: Van Landfill net operating expenditures
A59: Operations net recovery | D59: 28964182
A60: VLF gas control | D60: 4956019
A61: Weigh scales 50% | D61: 214379
A62: Solid Waste management (48.08%) | D62: -46274
A63: total | B63: =D63/C63 -> 49.235158 | C63: 692357 | D63: =SUM(D59:D62) -> 34088306 | E63: 35825563
H64: 400000000 | I64: capital
A65: Metro Recycling and Waste Centres | H65: 20 | I65: yrs
A66: total operating costs | D66: 47600458 | H66: =H64/H65 -> 20000000 | I66: per yr
A67: less VSTS contract expense | D67: -3745022 | H67: =H66/250000 -> 80 | I67: per tonne
A68: less sundry revenue | D68: -1995113
A69: less contingency handling costs, WTEF/VLF transfer costs | D69: -9662252
A70: less organics management cost | D70: -5409106
A71: net operating costs | B71: =D71/C76 -> 37.677922 | D71: =SUM(D66:D70) -> 26788965
A72: solid waste transfer station administration | D72: 6060554
A73: sundry revenue | D73: -961860
A74: admin | B74: =D74/C76 -> 7.171169 | D74: =D72+D73 -> 5098694
A75: debt servicing | B75: =D75/C76 -> 9.8134301 | D75: 6977339 | E75: 8176463
A76: total (inc debt servicing) | B76: =B71+B74+B75 -> 54.662521 | C76: =B4 -> 710999 | D76: =D71+D74+D75 -> 38864998 | E76: 49564839
A78: Vancouver South Transfer Station
A79: operating expenditure inc transfer costs to VLF | D79: 14819466
A80: weighscales 50% | D80: 214379
A81: solid waste management (10.58%) | D81: -10183
B82: =D82/C82 -> 107.30149 | C82: =C10+C14 -> 140013.55 | D82: =SUM(D79:D81) -> 15023662 | E82: unclear where this is in budget if at all
A84: WTEF
A85: Operating net
A86: Waste incineration | D86: 30432853 | E86: 29266387
A87: Administration | D87: 494971
A88: Electricity sales | D88: -3649146 | E88: -6254000
A89: Ferrous and Non ferrous sales -metal | D89: -291477 | E89: ?
A90: Special handling wastes increment | B90: 142 | C90: 11410.863 | D90: =-C90*B90 -> -1620342.5
A91: total | B91: =D91/C91 -> 104.31785 | C91: =C37 -> 243168.91 | D91: =SUM(D86:D90) -> 25366858
A92: debt servicing | B92: =D92/C91 -> 11.058663 | D92: 2689123 | E92: 3151298
A95: Generator repair
A96: repair cost | D96: 3940867
A97: insurance payout business interruption for SWS turbine | D97: -5015317
A98: Insurance payout for property insurance SWS turbine | D98: -2902474
A99: total | B99: =D99/C91 -> -16.354575 | D99: =SUM(D96:D98) -> -3976924
A100: Total WTEF | B100: =B99+B92+B91 -> 99.021943
A102: Contingency Hauling and Disposal
A103: blended cost of 3 locations which includes radiation, state tax | B103: 171.34 | E103: in a contingency budget?
A105: Total Costs per tonne | B105: $/tonne | C105: tonnes | D105: total cost | F105: $/tonne | G105: tonnes | H105: total cost | I105: $/tonne | J105: tonnes | K105: total cost
A106: Vancouver Landfill
A107: Metro R &WC Operating inc admin, debt allocation | B107: =B76 -> 54.662521 | C107: =C26 -> 405659.63 | D107: =B107*C107 -> 22174378 | F107: 68.03 | G107: 411890 | H107: =F107*G107 -> 28020877 | I107: 45.53 | J107: 482872 | K107: =I107*J107 -> 21985162
A108: Metro R &WC Van LF transfer cost | B108: =B51 -> 19.18 | C108: =C107 -> 405659.63 | D108: =B108*C108 -> 7780551.6 | F108: 17.45 | G108: =G107 -> 411890 | H108: =F108*G108 -> 7187480.5 | I108: 12.96 | J108: =J107 -> 482872 | K108: =I108*J108 -> 6258021.1
A109: Van LF disposal cost
A110: LF total operating cost net | B110: =B63 -> 49.235158 | C110: =C27 -> 509495.05 | F110: 40.94 | G110: 511811 | I110: 36.47 | J110: 706498
A111: Metro Total Delta royalty blended rate | B111: =B54 -> 4.8 | F111: =F114-F113-F110 -> 9.41 | I111: =I114-I113-I110 -> 4.01
A112: LF Program Admin Labour Expense allocation | B112: =277997*0.6245/C110 -> 0.34074743 | F112: inc in above | I112: inc in above
...
